 Dungeon Crawl Stone Soup version 0.31-a0-83-gbff143cfd1 (webtiles) character file.

Game seed: 14042591611590606409

0 domi the Grasshopper (level 1, 0/10 HPs)
             Began as a Spriggan Warper on May 24, 2023.
             Was a Follower of Elyvilon.
             Slain by a frilled lizard (2 damage)
             ... on level 3 of the Dungeon.
             The game lasted 00:08:58 (1206 turns).

domi the Grasshopper (Spriggan Warper)              Turns: 1206, Time: 00:08:58

Health: 0/10       AC:  2    Str:  4 (7)  XL:     1   Next: 8%
Magic:  5/5        EV: 17    Int: 11 (14) God:    Elyvilon [*.....]
Gold:   81         SH:  0    Dex: 11 (14) Spells: 5/5 levels left

rFire   . . .        a - +0 short sword
rCold   . . .        (no shield)
rNeg    . . .        b - +0 robe
rPois   .            (helmet restricted)
rElec   .            (no cloak)
rCorr   .            (gloves unavailable)
SInv    +            (boots unavailable)
Will    .....        (no amulet)
Stlth   +            (no ring)
HPRegen 0.21/turn    (no ring)
MPRegen 0.09/turn

%: no passive effects
@: very quick
A: very small, no large weapons, unfitting armour, see invisible, speed 3
a: Renounce Religion, Purification


You were on level 3 of the Dungeon.
You worshipped Elyvilon.
Elyvilon was aware of your devotion.
You visited 2 branches of the dungeon, and saw 5 of its levels.

You collected 81 gold pieces.

Inventory:

Hand Weapons
 a - a +0 short sword (weapon)
Missiles
 c - 6 silver boomerangs
 d - 9 boomerangs of dispersal {=f=f}
Armour
 b - a +0 robe (worn)
 e - an orb of guile
   (You found it on level 3 of the Dungeon)
Potions
 f - a potion of heal wounds {@q2}


   Skills:
 - Level 1.5 Fighting
 - Level 2.1 Short Blades
 - Level 1.0 Throwing
 - Level 3.2 Dodging
 - Level 2.6 Spellcasting
 - Level 4.4 Translocations
 + Level 0.2 Invocations


You had 5 spell levels left.
You didn't know any spells.
Your spell library contained the following spells:

 Spells                   Type           Power      Damage    Failure   Level
 Blink                    Tloc           22%        N/A       7%          2
 Lesser Beckoning         Tloc           22%        N/A       7%          2
 Teleport Other           Tloc           11%        N/A       14%         3
 Vhi's Electric Charge    Tloc/Air       10%        N/A       36%         3
 Manifold Assault         Tloc           11%        N/A       41%         4


Dungeon Overview and Level Annotations

Branches:
Dungeon (4/15)             Temple (1/1) D:4

Altars:
Ashenzari
Cheibriados
Dithmenos
Elyvilon
Fedhas
Gozag
Hepliaklqana
Kikubaaqudgha
Makhleb
Nemelex Xobeh
Okawaru
Qazlal
Ru
Wu Jian
Xom
Yredelemnul
Zin
The Shining One

Annotations:
D:1 exclusion: ball python
D:2 Robin


Innate Abilities, Weirdness & Mutations

You are very small and have problems with some larger weapons.
You are too small for most types of armour.
You have supernaturally acute eyesight. (SInv)
You cover ground extremely quickly. (Speed+++)


Message History

The frilled lizard bites you but does no damage.
A frilled lizard is nearby!
You can now purify yourself.
A bat comes into view.
You hit the bat.
You kill the bat!
The frilled lizard completely misses you.
The frilled lizard bites you but does no damage.
The frilled lizard misses you. The frilled lizard misses you.
The frilled lizard closely misses you. The frilled lizard misses you.
The frilled lizard misses you. The frilled lizard barely misses you.
The frilled lizard closely misses you. The frilled lizard closely misses you.
The frilled lizard bites you.
The frilled lizard completely misses you.
The frilled lizard barely misses you. The frilled lizard misses you.
The frilled lizard bites you.
The frilled lizard hisses.
The frilled lizard misses you. The frilled lizard misses you.
The frilled lizard bites you. The frilled lizard barely misses you.
The frilled lizard completely misses you.
The frilled lizard bites you.
The frilled lizard bites you but does no damage.
The frilled lizard completely misses you.
The frilled lizard completely misses you.
The frilled lizard bites you.
The frilled lizard completely misses you.
The frilled lizard bites you.
The frilled lizard completely misses you.
The frilled lizard bites you.
* * * LOW HITPOINT WARNING * * *
The frilled lizard barely misses you. The frilled lizard misses you.
The frilled lizard closely misses you.
The frilled lizard completely misses you.
The frilled lizard bites you but does no damage.
The frilled lizard misses you. The frilled lizard barely misses you.
The frilled lizard barely misses you. The frilled lizard misses you.
The frilled lizard bites you.
* * * LOW HITPOINT WARNING * * *
The frilled lizard barely misses you. The frilled lizard misses you.
The frilled lizard barely misses you.
The frilled lizard completely misses you.
The frilled lizard closely misses you. The frilled lizard closely misses you.
The frilled lizard barely misses you. The frilled lizard closely misses you.
The frilled lizard closely misses you. The frilled lizard barely misses you.
The frilled lizard bites you.
* * * LOW HITPOINT WARNING * * *
The frilled lizard bites you but does no damage.
The frilled lizard misses you. The frilled lizard misses you.
The frilled lizard unfolds its giant frill.
The frilled lizard closely misses you.
The frilled lizard completely misses you.
The frilled lizard closely misses you. The frilled lizard misses you.
The frilled lizard bites you but does no damage.
The frilled lizard closely misses you. The frilled lizard closely misses you.
The frilled lizard misses you. The frilled lizard closely misses you.
The frilled lizard misses you. The frilled lizard misses you.
The frilled lizard closely misses you. The frilled lizard barely misses you.
The frilled lizard barely misses you.
The frilled lizard bites you but does no damage.
The frilled lizard misses you.
The adder hisses angrily.
The frilled lizard completely misses you.
The frilled lizard misses you. The adder completely misses you.
The adder misses you. The frilled lizard misses you.
The adder closely misses you. The frilled lizard misses you.
The adder completely misses you. The frilled lizard bites you.
The adder bites you. The adder barely misses you. The frilled lizard bites you.
* * * LOW HITPOINT WARNING * * *
The adder closely misses you. The frilled lizard closely misses you.
The adder bites you. Elyvilon protects you from harm!
The frilled lizard barely misses you. The adder bites you.
* * * LOW HITPOINT WARNING * * *
The adder misses you. The frilled lizard barely misses you.
The adder misses you. The frilled lizard misses you.
The adder completely misses you. The frilled lizard closely misses you.
The adder closely misses you. The frilled lizard bites you.
You die...

#........#
######..#
#.....l.#
#.####.##
#.# #.#
#.# #.#
#.# #.#
###S####.#
#.@l..##.#
#.###.##.#
###### ...
#....#
#.....
###.
#.####
#.#### #.
...# #.#
#......
#.####
#.#.###
#.....
#.#.
###### ..


You could see an adder and a frilled lizard.

Vanquished Creatures
  A bat (D:3)
1 creature vanquished.

Notes
Turn   | Place    | Note
-------+----------+-------------------------------------------
     0 | D:1      | domi the Spriggan Warper began the quest for the Orb.
     0 | D:1      | Reached XP level 1. HP: 10/10 MP: 5/5
   122 | D:2      | Noticed Robin
   270 | D:4      | Noticed a phantom
   307 | D:4      | Found a staircase to the Ecumenical Temple.
   318 | Temple   | Entered the Ecumenical Temple
   339 | Temple   | Became a worshipper of Elyvilon the Healer
   517 | D:1      | Found a basalt altar of Yredelemnul.
   904 | D:1      | Elyvilon protects you from harm!
   905 | D:1      | HP: 2/10 [bat (1)]
  1112 | D:3      | Reached * piety under Elyvilon
  1175 | D:3      | HP: 2/10 [frilled lizard (3)]
  1200 | D:3      | HP: 2/10 [frilled lizard (3)]
  1201 | D:3      | Elyvilon protects you from harm!
  1206 | D:3      | Slain by a frilled lizard

Illustrated notes

Levels and vault maps discovered:
D:1:      ncdulo_wetmaze, layout_basic, minmay_hexomino_r4
D:2:      layout_basic, grunt_ministairs_12, ebering_dispersal_statue_hall,
          uniq_robin
D:3:      layout_loops_ring, ebering_ecumenical_altar_abandoned,
          skrybe_limestone_x, grunt_ministairs_6, uniq_terence
D:4:      nicolae_cairo_tiling_very_big, layout_rooms,
          minmay_temple_entry_slanted, serial_corexii_hall,
          chequers_hall_statues_corner_a, chequers_hall_statues_corner_a,
          corexii_hall_statues_t, corexii_hall_statues_deadend,
          roderic_lattice_a, fountainhead, minmay_shop_grid_forest
Temple:   dpeg_three_leaves_temple

Action                     || total
---------------------------++-------
  Melee: Short sword       ||     4
    Use: Scroll            ||     6
         Potion            ||     5
 Armour: Robe              ||    61
  Dodge: Dodged            ||   266

Table legend: (Time is in decaauts)
 A = Elapsed time spent in this place.
 B = Non-inter-level travel time spent in this place.
 C = Inter-level travel time spent in this place.
 D = Time resting spent in this place.
 E = Time spent auto-exploring this place.
 F = Levels seen in this place.
 G = Mean time per level.
                   A        B        C        D        E       F      G
               +--------+--------+--------+--------+--------+-----+--------+
         Total |    843 |    833 |     10 |     80 |    139 |   5 |  168.6 |
       Dungeon |    789 |    784 |      5 |     80 |    108 |   4 |  197.2 |
        Temple |     54 |     50 |      4 |      0 |     30 |   1 |   54.0 |
               +--------+--------+--------+--------+--------+-----+--------+

Top non-repeatable levels by time:
     D:1: 313 daAuts
     D:3: 226 daAuts
     D:2: 206 daAuts
  Temple: 54 daAuts
     D:4: 42 daAuts

Levels and vault maps discovered:
D:1:      ncdulo_wetmaze, layout_basic, minmay_hexomino_r4
D:2:      layout_basic, grunt_ministairs_12, ebering_dispersal_statue_hall,
          uniq_robin
D:3:      layout_loops_ring, ebering_ecumenical_altar_abandoned,
          skrybe_limestone_x, grunt_ministairs_6, uniq_terence
D:4:      nicolae_cairo_tiling_very_big, layout_rooms,
          minmay_temple_entry_slanted, serial_corexii_hall,
          chequers_hall_statues_corner_a, chequers_hall_statues_corner_a,
          corexii_hall_statues_t, corexii_hall_statues_deadend,
          roderic_lattice_a, fountainhead, minmay_shop_grid_forest
Temple:   dpeg_three_leaves_temple

Table legend: (Time is in decaauts)
 A = Elapsed time spent in this place.
 B = Non-inter-level travel time spent in this place.
 C = Inter-level travel time spent in this place.
 D = Time resting spent in this place.
 E = Time spent auto-exploring this place.
 F = Levels seen in this place.
 G = Mean time per level.
                   A        B        C        D        E       F      G
               +--------+--------+--------+--------+--------+-----+--------+
         Total |    843 |    833 |     10 |     80 |    139 |   5 |  168.6 |
       Dungeon |    789 |    784 |      5 |     80 |    108 |   4 |  197.2 |
        Temple |     54 |     50 |      4 |      0 |     30 |   1 |   54.0 |
               +--------+--------+--------+--------+--------+-----+--------+

Top non-repeatable levels by time:
     D:1: 313 daAuts
     D:3: 226 daAuts
     D:2: 206 daAuts
  Temple: 54 daAuts
     D:4: 42 daAuts

Table legend:
 A = Kills in this place as a percentage of kills in the entire game.
 B = Kills by you in this place as a percentage of kills by you in the entire game.
 C = Kills by friends in this place as a percentage of kills by friends in the entire game.
 D = Other kills in this place as a percentage of other kills in the entire game.
 E = Experience gained in this place as a percentage of experience gained in the entire game.
 F = Experience gained in this place divided by the number of levels of this place that you have seen.
                   A       B       C       D       E      F
               +-------+-------+-------+-------+-------+----------------------
         Total | 100.0 | 100.0 |   N/A |   N/A | 100.0 |   0.2
       Dungeon | 100.0 | 100.0 |   N/A |   N/A | 100.0 |   0.2
               +-------+-------+-------+-------+-------+----------------------
